 Dungeon Crawl Stone Soup version 0.29.0-13-gc9e81de378 (webtiles) character file.

Game seed: 15606469388099492967

4421 browni3141 the Adept (level 10, 0/69 HPs)
             Began as a Ghoul Summoner on Sept 9, 2022.
             Was a Believer of Sif Muna.
             Slain by an acid dragon (4 damage)
             ... on level 7 of the Dungeon.
             The game lasted 00:31:08 (11505 turns).

browni3141 the Adept (Ghoul Summoner)              Turns: 11505, Time: 00:31:09

Health: 0/69       AC:  3    Str: 13    XL:     10   Next: 36%
Magic:  8/16       EV: 11    Int: 14    God:    Sif Muna [**....]
Gold:   497        SH:  4    Dex:  9    Spells: 5/19 levels left

rFire   + + .      SeeInvis .   I - +2 trident (protect)
rCold   + . .      Faith    .   P - +2 buckler
rNeg    + + +      Spirit   .   z - +2 robe {rF+}
rPois   ∞          Reflect  .   (no helmet)
rElec   .          Harm     .   G - +0 cloak
rCorr   .          Rampage  .   v - +1 pair of gloves
Will    .....                   (no boots)
Stlth   ++........              (no amulet)
HPRegen 0.00/turn               F - ring of protection from fire
MPRegen 0.15/turn               (no ring)

@: corroded, inhibited regen
A: claws 1, cold resistance 1, negative energy resistance 3, inhibited
regeneration, torment resistance 2, devour on kill
a: Renounce Religion, Channel Magic


You were on level 7 of the Dungeon.
You worshipped Sif Muna.
Sif Muna was pleased with you.
You visited 1 branch of the dungeon, and saw 8 of its levels.
You also visited: Ossuary.

You collected 497 gold pieces.


Innate Abilities, Weirdness & Mutations

You are immune to poison.
You have sharp fingernails.
Your flesh is cold resistant. (rC+)
You are immune to negative energy. (rN+++)
You do not regenerate when monsters are visible.
You are immune to unholy pain and torment.
You thrive by killing the living.


   Skills:
 * Level 0.1 Polearms
 - Level 2.0 Dodging
 - Level 3.0 Stealth
 * Level 5.2 Spellcasting
 - Level 3.0 Hexes
 * Level 8.2 Summonings
 * Level 3.3 Air Magic
 - Level 10.0 Invocations


You had 5 spell levels left.
You knew the following spells:

 Your Spells              Type           Power      Damage    Failure   Level
c - Call Imp              Summ           26%        N/A       1%          2
f - Call Canine Familiar  Summ           26%        N/A       2%          3
g - Summon Guardian Gole  Hex/Summ       19%        N/A       7%          3
l - Summon Lightning Spi  Summ/Air       19%        N/A       22%         4
s - Slow                  Hex            48%        N/A       7%          1
z - Summon Small Mammal   Summ           100%       N/A       1%          1

Your spell library contained the following spells:

 Spells                   Type           Power      Damage    Failure   Level
 Petrify                  Tmut/Erth      3%         N/A       93%         4
 Metabolic Englaciation   Hex/Ice        3%         N/A       98%         5
 Fireball                 Conj/Fire      1%         3d3       100%        5
 Starburst                Conj/Fire      1%         6d3       100%        6
 Ignition                 Fire           1%         3d3       100%        8
 Statue Form              Tmut/Erth      Unusable   N/A       N/A         6

Inventory:

Hand Weapons
 i - a +0 sling
 y - a +0 whip of electrocution
 B - a +3 scythe of venom
 I - a +2 trident of protection (weapon)
Missiles
 n - 11 poisoned darts {@f3}
 H - a curare-tipped dart {@f4}
Armour
 a - a +0 robe
 v - a +1 pair of gloves (worn)
 z - a +2 robe of fire resistance (worn)
 G - a +0 cloak (worn)
 P - a +2 buckler (worn)
Jewellery
 F - a ring of protection from fire (left hand)
 R - a ring of resist corrosion
Wands
 p - a wand of iceblast (4)
 r - a wand of charming (4)
Scrolls
 c - 3 scrolls of noise {!r}
 d - 3 scrolls of teleportation {@r4}
 f - 2 scrolls of enchant weapon
 g - 2 scrolls of enchant armour
 k - 3 scrolls of immolation {unknown}
 l - a scroll of blinking {@r3}
 m - 3 scrolls of magic mapping
 t - 2 scrolls of amnesia {unknown}
 A - 3 scrolls of butterflies
 C - a scroll of torment
 E - 2 scrolls of poison {unknown}
Potions
 b - a potion of magic
 e - 2 potions of degeneration {unknown}
 h - 3 potions of might
 j - 3 potions of ambrosia {unknown}
 o - 2 potions of heal wounds {unknown}
 q - 4 potions of lignification
 s - 4 potions of berserk rage {!q}
 u - 3 potions of attraction {!q}
 w - 7 potions of flight {unknown}
 x - 2 potions of brilliance {unknown}
 D - a potion of curing {unknown}
 J - a potion of cancellation {unknown}
 K - a potion of haste {unknown}
 M - a potion of mutation {unknown}
 O - a potion of resistance {unknown}

Dungeon Overview and Level Annotations

Branches:
Dungeon (8/15)             Temple (0/1) D:5         Ossuary (visited)
   Lair: D:8-11

Altars:
Gozag
Hepliaklqana
Makhleb
Nemelex Xobeh
Qazlal
Sif Muna
Uskayaw
Wu Jian
Xom
Yredelemnul

Annotations:
D:3 1 runed translucent door, Crazy Yiuf

#.....+......##.#.#.#.'.#.#
#.....#####..+.#.#(#.##.#.#
#.....#####..#....#...#.#.#
#.........#..#...#....#.#.#######
#......##.#..#8...#..8#..........
#......##.#...###+####..##.......
#......##.#..8..........##..)...)
###.##.##.#.##.KF........+.......
....##.##.#.##§D@.########.......
######.##.#.......'....#.........
# #.##.##......####.#.#....... #
#.##.##.#....###..#.#....... #
#.##.#..¦¦.¦..¦¦.¦..¦¦.¦..¦¦ #
#.##.#..¦.¦¦..¦.¦¦..¦.¦¦..¦. #
#.##.#¦¦....¦¦....¦¦....¦¦.. #
#.##.#.¦.##..¦.##..¦.##..¦.# #
#.##.#¦..##.¦..##.¦..##.¦..#


You could see an acid dragon (ally target), a friendly kobold brigand (charmed),
a friendly bullfrog (charmed) and a friendly lightning spire (summoned).


Message History

Aim: an acid dragon (lightly wounded, ally target, chance to affect: 49%)
Okay, then.
Unknown command.
Press: ? - help, v - describe, . - travel
Here: an acid dragon (lightly wounded, ally target)
The floor.
Okay, then.
Unknown command.
Aiming: Iceblast
Press: ? - help, Shift-Dir - straight line, p - bullfrog The mass of ice explodes!
The iceblast engulfs your hound!
Your hound is almost dead.
The iceblast engulfs the acid dragon!
The acid dragon is heavily wounded.
Your hound disappears in a puff of smoke!
Your bullfrog hits the acid dragon but does no damage.
Your kobold brigand barely misses the acid dragon.
The acid dragon bites you!
* * * LOW HITPOINT WARNING * * *
The acid dragon completely misses you.
Unknown command.
Unknown command.
Aiming: Iceblast
Press: ? - help, Shift-Dir - straight line The mass of ice explodes!
The iceblast engulfs the acid dragon.
The acid dragon is severely wounded.
Your bullfrog closely misses the acid dragon.
Your kobold brigand closely misses the acid dragon.
The acid dragon bites you.
You die...

Skill      XL: |  1  2  3  4  5  6  7  8  9 10 |
---------------+-------------------------------+-----
Summonings     | 4 5 7 8 |  8.2
Spellcasting   | 2 3 4 5 |  5.2
Dodging        | 2 |  2.0
Stealth        | 3 |  3.0
Hexes          | 1 3 |  3.0
Air Magic      | 2 3 |  3.3
Invocations    | 8 10 | 10.0
Polearms       | |  0.1

Action                   |  1- 3 |  4- 6 |  7- 9 | 10-12 || total
-------------------------+-------+-------+-------+-------++-------
Melee: Unarmed           |    21 |       |       |       ||    21
       Halberd           |       |       |   190 |    42 ||   232
       Trident           |       |       |       |     7 ||     7
 Fire: Sling             |    39 |   110 |    45 |       ||   194
 Cast: Summon Small Mamm |    22 |     4 |       |     1 ||    27
       Call Imp          |    10 |     7 |       |       ||    17
       Call Canine Famil |       |    14 |    36 |    16 ||    66
       Summon Guardian G |       |       |    14 |     2 ||    16
       Summon Lightning  |       |       |     2 |     8 ||    10
       Slow              |       |       |     1 |     3 ||     4
Evoke: Wand              |       |     2 |     3 |     6 ||    11
  Use: Scroll            |       |       |    11 |     4 ||    15
 Stab: Distracted        |       |       |     3 |       ||     3
       Sleeping          |       |       |     1 |       ||     1
Armor: Robe              |     6 |    22 |    81 |    23 ||   132
Dodge: Dodged            |    36 |    60 |   206 |    21 ||   323
Block: Buckler           |       |       |       |     4 ||     4

Levels and vault maps discovered:
D:1:      lightli_arrival_statuegarden, layout_basic
D:2:      minmay_spotlight, layout_basic, shapermc_ecumenical_altar_rom_forum
D:3:      layout_loops_cross, nicolae_overflow_crystal_walls,
          gammafunk_temple_overflow_elements, chequers_serial_rivers_small_3,
          uniq_crazy_yiuf_cottage
D:4:      layout_layer_cave, nrook_mini_vaults, dk_vineyard_2, uniq_sigmund,
          uniq_pikel
D:5:      layout_basic, minmay_temple_entry_statues_fountains,
          amcnicky_mini_pool_small, saegor_snake_ambush, uniq_eustachio
D:6:      layout_rooms, nicolae_overflows_in_rows, uniq_menkaure, uniq_maggie
D:7:      layout_basic, enter_ossuary_5, minmay_misc_feat_pillars,
          nicolae_eternal_life, minivault_1, uniq_duvessa
D:8:      old_forge, layout_cave_pools, hangedman_abyss_or_decor_clamps,
          nicolae_wwwww

Notes
Turn   | Place    | Note
-------+----------+-------------------------------------------
     0 | D:1      | browni3141 the Ghoul Summoner began the quest for the Orb.
     0 | D:1      | Reached XP level 1. HP: 14/14 MP: 2/2
   179 | D:1      | Reached skill level 4 in Summonings
   179 | D:1      | Reached XP level 2. HP: 20/20 MP: 0/3
   349 | D:1      | Reached skill level 2 in Spellcasting
   422 | D:1      | Learned a level 2 spell: Call Imp
  1341 | D:1      | Reached XP level 3. HP: 26/26 MP: 3/5
  1812 | D:2      | Found a faded altar of an unknown god.
  1819 | D:2      | Got Plato's Parchment of Fascination
  1833 | D:2      | Reached skill level 3 in Spellcasting
  1837 | D:2      | Learned a level 3 spell: Call Canine Familiar
  1986 | D:2      | Reached XP level 4. HP: 31/33 MP: 4/7
  2123 | D:2      | Reached skill level 2 in Dodging
  2526 | D:2      | Reached skill level 3 in Stealth
  2736 | D:3      | Reached XP level 5. HP: 23/38 MP: 0/8
  3540 | D:3      | Found a shimmering blue altar of Sif Muna.
  3540 | D:3      | Found a stormy altar of Qazlal.
  3746 | D:3      | Found a runed translucent door.
  3747 | D:3      | Noticed Crazy Yiuf
  3967 | D:3      | Became a worshipper of Sif Muna the Loreminder
  4092 | D:3      | Learned a level 3 spell: Summon Guardian Golem
  4443 | D:4      | Reached skill level 5 in Summonings
  4443 | D:4      | Reached XP level 6. HP: 45/45 MP: 6/10
  4586 | D:4      | Noticed Pikel
  4632 | D:4      | Killed Pikel
  4633 | D:4      | Reached skill level 4 in Spellcasting
  4633 | D:4      | Reached skill level 6 in Summonings
  4633 | D:4      | Reached skill level 7 in Summonings
  4633 | D:4      | Reached XP level 7. HP: 26/50 MP: 4/12
  4638 | D:4      | Learned a level 4 spell: Summon Lightning Spire
  4640 | D:4      | Learned a level 1 spell: Slow
  5209 | D:4      | Noticed Sigmund
  5233 | D:4      | Killed Sigmund
  5234 | D:4      | Reached skill level 1 in Hexes
  5234 | D:4      | Reached XP level 8. HP: 52/57 MP: 3/13
  5781 | D:4      | Reached skill level 2 in Hexes
  6121 | D:5      | Entered Level 5 of the Dungeon
  6160 | D:5      | Reached skill level 8 in Summonings
  6340 | D:5      | Reached skill level 1 in Air Magic
  6872 | D:5      | Found a staircase to the Ecumenical Temple.
  7066 | D:5      | Reached skill level 3 in Hexes
  7066 | D:5      | Reached skill level 2 in Air Magic
  7337 | D:5      | Reached XP level 9. HP: 62/62 MP: 12/15
  7359 | D:5      | Noticed Eustachio
  7375 | D:5      | Killed Eustachio
  7376 | D:5      | Reached skill level 5 in Spellcasting
  7376 | D:5      | Reached skill level 3 in Air Magic
  7376 | D:5      | Reached skill level 2 in Invocations
  7518 | D:5      | Reached * piety under Sif Muna
  7938 | D:5      | Reached skill level 3 in Invocations
  8402 | D:6      | Reached skill level 4 in Invocations
  8500 | D:6      | Reached skill level 5 in Invocations
  8717 | D:6      | Noticed a troll
  8755 | D:6      | Killed a troll
  8756 | D:6      | Reached skill level 6 in Invocations
  8967 | D:6      | Found a hide-covered altar of Uskayaw.
  8967 | D:6      | Found a sparkling altar of Nemelex Xobeh.
  8968 | D:6      | Found an ornate altar of the Wu Jian Council.
  8968 | D:6      | Noticed Maggie
  9043 | D:6      | Found a burning altar of Makhleb.
  9043 | D:6      | Found a hazy altar of Hepliaklqana.
  9050 | D:6      | Noticed Menkaure
  9066 | D:6      | Killed Menkaure
  9114 | D:6      | Killed Maggie
  9115 | D:6      | Reached skill level 7 in Invocations
  9131 | D:6      | Reached skill level 8 in Invocations
  9142 | D:6      | Found a shimmering altar of Xom.
  9144 | D:6      | Found a basalt altar of Yredelemnul.
  9144 | D:6      | Found an opulent altar of Gozag.
  9455 | D:7      | Reached XP level 10. HP: 29/69 MP: 12/16
  9689 | D:7      | Reached skill level 9 in Invocations
  9753 | D:7      | Found a sand-covered staircase.
  9788 | Ossuary  | Entered an ossuary
  9804 | Ossuary  | Reached ** piety under Sif Muna
 10086 | Ossuary  | Reached skill level 10 in Invocations
 10532 | D:7      | Noticed Dowan
 10549 | D:7      | Noticed Duvessa
 10553 | D:7      | Killed Dowan
 10563 | D:7      | Killed Duvessa
 11504 | D:7      | HP: 4/69 [acid dragon (7)]
 11505 | D:7      | Slain by an acid dragon

Vanquished Creatures
  Eustachio (D:5)
  A black bear (D:7)
  A centaur (D:5)
  A phantom (D:5)
  A kobold brigand (D:6)
  4 scorpions
  A necrophage (D:4)
  A wight (D:5)
  A gnoll bouda (D:5)
  5 hounds
  2 jellies
  5 iguanas
  3 mummies (Ossuary)
  2 adders (D:5)
  A gnoll (D:7)
  A white imp (D:5)
  2 ufetubi (D:5)
  A worm (D:5)
  A dart slug (D:1)
  3 orcs
  5 ball pythons
  4 endoplasms
  2 goblins
  2 jackals
  3 kobolds
  A bat (D:3)
  4 frilled lizards
  An orc zombie (Ossuary)
  4 rats
64 creatures vanquished.

Vanquished Creatures (collateral kills)
  Pikel (D:4)
  3 ice beasts (D:7)
  A black bear (D:7)
  An ogre (D:7)
  2 sky beasts (D:7)
  A centaur (D:7)
  A bullfrog (D:8)
  A necrophage (D:5)
  5 wights
  Dowan (D:7)
  A nameless horror (Ossuary)
  3 hounds
  A jelly (D:4)
  2 orc priests
  2 orc wizards
  5 mummies (Ossuary)
  5 gnolls
  9 adders
  2 worms (D:2)
  3 dart slugs
  8 orcs
  An endoplasm (D:1)
  A giant cockroach (D:4)
  4 goblins
  4 hobgoblins
  8 jackals
  8 kobolds
  A quokka (D:3)
  2 ball pythons (D:1)
  A frilled lizard (D:1)
  2 gnoll zombies (Ossuary)
  2 hobgoblin zombies (Ossuary)
  A kobold zombie (Ossuary)
  2 orc zombies (Ossuary)
  A rat (D:2)
96 creatures vanquished.

Vanquished Creatures (others)
  Maggie (D:6)
  A troll (D:6)
  Sigmund (D:4)
  Menkaure (D:6)
  Duvessa (D:7)
  3 ogres
  An orc wizard (D:8)
  A gnoll (D:7)
  A plant (D:1)
11 creatures vanquished.

Grand Total: 171 creatures vanquished

Table legend: (Time is in decaauts)
 A = Elapsed time spent in this place.
 B = Non-inter-level travel time spent in this place.
 C = Inter-level travel time spent in this place.
 D = Time resting spent in this place.
 E = Time spent auto-exploring this place.
 F = Levels seen in this place.
 G = Mean time per level.
                   A        B        C        D        E       F      G
               +--------+--------+--------+--------+--------+-----+--------+
         Total |  11749 |  11313 |    436 |   1122 |   7945 |   9 | 1305.4 |
       Dungeon |  11292 |  10856 |    436 |    955 |   7797 |   8 | 1411.5 |
       Ossuary |    456 |    456 |      0 |    167 |    148 |   1 |  456.0 |
               +--------+--------+--------+--------+--------+-----+--------+

Top non-repeatable levels by time:
     D:4: 2258 daAuts
     D:5: 2070 daAuts
     D:7: 1701 daAuts
     D:1: 1566 daAuts
     D:3: 1488 daAuts
     D:2: 1148 daAuts
     D:6: 1044 daAuts
 Ossuary: 456 daAuts
     D:8: 15 daAuts

Table legend:
 A = Non-vault XP
 B = Vault XP
 C = Vault XP percentage of total XP
 D = Non-vault monster count
 E = Vault monster count
 F = Vault count percentage of total count
                 A         B        C        D         E       F
            +---------+---------+-------+---------+---------+-------
      Total |    4233 |    2083 |  33.0 |     137 |      31 |  18.5
            +---------+---------+-------+---------+---------+-------
        D:1 |      40 |       0 |   0.0 |      21 |       0 |   0.0
        D:2 |      67 |      30 |  30.9 |      22 |       4 |  15.4
        D:3 |     101 |       0 |   0.0 |      15 |       0 |   0.0
        D:4 |     289 |     864 |  74.9 |      14 |       2 |  12.5
        D:5 |    1297 |     201 |  13.4 |      26 |       5 |  16.1
        D:6 |     857 |     623 |  42.1 |      18 |       2 |  10.0
        D:7 |    1496 |     211 |  12.4 |      19 |       2 |   9.5
        D:8 |      86 |       0 |   0.0 |       2 |       0 |   0.0
    Ossuary |       0 |     154 | 100.0 |       0 |      16 | 100.0
            +---------+---------+-------+---------+---------+-------
